 Dungeon Crawl Stone Soup version 0.32-a0-713-gb3796b0 (webtiles) character file.

Game seed: 17587226621385801981

3230 PidgeyThePirate the Skirmisher (level 9, -5/71 HPs)
             Began as a Coglin Hunter on Mar 15, 2024.
             Was an Initiate of Okawaru.
             Killed from afar by a steam dragon (14 damage)
             ... with a ball of steam
             ... on level 8 of the Dungeon.
             The game lasted 00:13:41 (7171 turns).

PidgeyThePirate the Skirmisher (Coglin Hunter)      Turns: 7171, Time: 00:13:49

Health: -5/71      AC:  4    Str: 14    XL:     9   Next: 98%
Magic:  9/9        EV: 12    Int:  8    God:    Okawaru [......]
Gold:   364        SH:  0    Dex: 20    Spells: 8/8 levels left

rFire   . . .        a - +2 sling {Yejun}
rCold   . . .        d - +0 sling {Surin}
rNeg    + + .        l - +0 leather armour "Ikugaoqo" {rN++}
rPois   +            (helmet restricted)
rElec   .            (no cloak)
rCorr   .            (no gloves)
SInv    .            m - +0 pair of boots
Will    .....        (amulet unavailable)
Stlth   ++           (ring unavailable)
HPRegen 0.00/turn    (ring unavailable)
MPRegen 0.11/turn    (no gizmo)

%: no passive effects
@: mighty, brilliant, inhibited regen, invisible, revving
A: off-hand wielding, slow wielding, warmup strikes, no jewellery, antennae 1,
poison resistance, inhibited regeneration
a: Invent Gizmo, Renounce Religion


You were on level 8 of the Dungeon.
You worshipped Okawaru.
Okawaru was noncommittal.
You visited 2 branches of the dungeon, and saw 9 of its levels.

You collected 364 gold pieces.

Inventory:

Hand Weapons
 a - a +2 sling (weapon) {Yejun}
 d - a +0 sling (offhand) {Surin}
Armour
 c - a +0 leather armour
 l - the +0 leather armour "Ikugaoqo" (worn) {rN++}
   (You found it on level 2 of the Dungeon)

   rN++:      It greatly protects you from negative energy.
 m - a +0 pair of boots (worn)
Wands
 g - a wand of paralysis (11)
 w - a wand of acid (11)
 y - a wand of flame (30)
Scrolls
 f - 4 scrolls of teleportation {unknown}
 i - 2 scrolls of vulnerability {unknown}
 j - a scroll of blinking {unknown}
 k - 4 scrolls of identify
 n - a scroll of noise {unknown}
 o - 3 scrolls of enchant armour {unknown}
 q - 2 scrolls of revelation {unknown}
 r - a scroll of torment {unknown}
 s - 2 scrolls of brand weapon {unknown}
 x - a scroll of amnesia {unknown}
Potions
 b - a potion of resistance
 e - a potion of mutation
 h - a potion of might
 p - a potion of lignification {unknown}
 t - 3 potions of brilliance
 u - 2 potions of enlightenment
 v - a potion of attraction
 B - a potion of haste
 C - a potion of heal wounds {unknown}


   Skills:
 + Level 6.4 Fighting
 + Level 11.2 Ranged Weapons
 + Level 2.3 Armour
 + Level 2.6 Dodging
 + Level 1.4 Stealth


You had 8 spell levels left.
You didn't know any spells.
Your spell library contained the following spells:

 Spells                   Type           Power      Damage    Failure   Level
 Mercury Vapours          Alch/Air       0%         N/A       63%         2
 Sublimation of Blood     Necr           0%         N/A       63%         2
 Mephitic Cloud           Conj/Alch/Air  0%         N/A       85%         3
 Freezing Cloud           Conj/Ice/Air   0%         6-21      100%        5
 Call Imp                 Summ           Unusable   N/A       N/A         2
 Summon Hydra             Summ           Unusable   N/A       N/A         7

Dungeon Overview and Level Annotations

Branches:
Dungeon (8/15)             Temple (1/1) D:5
   Lair: D:8-11

Altars:
Ashenzari
Cheibriados
Dithmenos
Elyvilon
Fedhas
Gozag
Hepliaklqana
Kikubaaqudgha
Makhleb
Nemelex Xobeh
Okawaru
Qazlal
Ru
Sif Muna
Trog
Uskayaw
Vehumet
Wu Jian
Xom
Yredelemnul
Zin
The Shining One

Shops:
D:3 :


Innate Abilities, Weirdness & Mutations

You can wield a second weapon in your off-hand.
It takes a long time for you to wield or remove held weapons.
Your first few attacks do less damage.
You cannot equip rings or amulets.
You have a pair of small antennae on your head.
Your system is resistant to poisons. (rPois)
You do not regenerate when monsters are visible.


Message History

* * * LOW HITPOINT WARNING * * *
The steam dragon bites you!
* * * LOW HITPOINT WARNING * * *
The steam dragon claws you.
* * * LOW HITPOINT WARNING * * *
Okay, then.
You are too confused!
It was a potion of mutation.
You feel extremely strange.
Your regeneration stops near monsters.
You feel resistant to poisons. A pair of antennae grows on your head!
You are engulfed in a cloud of scalding steam.
The steam dragon closely misses you.
The steam dragon claws you but does no damage.
It was a potion of might.
You feel very mighty all of a sudden.
A white imp comes into view.
The steam dragon breathes steam at you. The ball of steam misses you.
It was a potion of brilliance.
You feel clever all of a sudden.
You are engulfed in a cloud of scalding steam.
* * * LOW HITPOINT WARNING * * *
The white imp gestures at you. The puff of frost misses you.
The steam dragon closely misses you. The steam dragon claws you.
* * * LOW HITPOINT WARNING * * *
It was a potion of invisibility.
You fade into invisibility!
* * * LOW HITPOINT WARNING * * *
The steam dragon barely misses you. x2
The white imp spits at you. The steam dragon barely misses you.
The steam dragon claws you but does no damage.
You bump into the rock wall.
* * * LOW HITPOINT WARNING * * *
You feel less invigorated.
You feel less confused. The steam dragon breathes steam at you.
The ball of steam hits you!
You die...

..# ..# .# ..# .. ..##
. ...## . .# ....##
####.# ###.
.....####.....## #§§ #
..#......<......####!#
... ....##....#
#.@D##.##.....
..#......#
###§.5......./
..####...##
####.##......
..##......######....#
#.....
#..#.###....##...####
D.... #....#
#.......### ....
..##..####...#....#
... ..#
#.....##.####.# .#.
..# ####. #... ..


You could see a steam dragon (unable to see you, catching breath) and a white
imp (unable to see you).

Vanquished Creatures
  Pikel (D:4)
  Prince Ribbit (D:5)
  Grinder (D:4)
  Sigmund (D:3)
  2 water moccasins
  2 sky beasts (D:6)
  An orc warrior (D:7)
  3 black bears
  A centaur (D:8)
  3 phantoms
  3 lemures (D:4)
  A bullfrog (D:8)
  6 scorpions
  2 howler monkeys
  2 hounds (D:5)
  2 bombardier beetles
  Crazy Yiuf (D:6)
  A gnoll bouda (D:7)
  3 iguanas
  2 sleepcaps
  2 orc wizards
  5 gnolls (D:7)
  10 adders
  A shadow imp (D:5)
  4 white imps
  3 ufetubi
  A ribbon worm (D:2)
  2 dart slugs
  21 orcs
  3 endoplasms
  A giant cockroach (D:4)
  8 goblins
  10 hobgoblins
  4 jackals (D:1)
  7 quokkas
  5 ball pythons
  A bat (D:1)
  2 frilled lizards (D:1)
  5 kobolds
  8 rats
142 creatures vanquished.

Notes
Turn   | Place    | Note
-------+----------+-------------------------------------------
     0 | D:1      | PidgeyThePirate the Coglin Hunter began the quest for the
                  | Orb.
     0 | D:1      | Reached XP level 1. HP: 16/16 MP: 1/1
   102 | D:1      | Reached XP level 2. HP: 22/22 MP: 2/2
   136 | D:1      | Reached skill level 4 in Ranged Weapons
   328 | D:1      | Reached XP level 3. HP: 27/27 MP: 3/3
   531 | D:2      | Identified the +0 leather armour "Ikugaoqo" {rN++}
   893 | D:2      | Reached XP level 4. HP: 33/33 MP: 4/4
  1142 | D:3      | Reached skill level 5 in Ranged Weapons
  1369 | D:3      | Noticed Sigmund
  1380 | D:3      | Reached XP level 5. HP: 22/39 MP: 5/5
  1416 | D:3      | Killed Sigmund
  1417 | D:3      | Reached skill level 6 in Ranged Weapons
  1417 | D:3      | Reached skill level 1 in Armour
  1417 | D:3      | Reached XP level 6. HP: 23/46 MP: 6/6
  1535 | D:3      | Found Xuoxit's Book Boutique.
  1631 | D:3      | Found a faded altar of an unknown god.
  1942 | D:4      | You fall into a shaft and drop 3 floors!
  1942 | D:7      | Found a shadowy altar of Dithmenos.
  2019 | D:5      | Entered Level 5 of the Dungeon
  2364 | D:4      | Noticed Grinder
  2423 | D:4      | Killed Grinder
  2424 | D:4      | Reached skill level 7 in Ranged Weapons
  2424 | D:4      | Reached XP level 7. HP: 46/52 MP: 7/7
  2541 | D:4      | Noticed Pikel
  2775 | D:4      | Killed Pikel
  2776 | D:4      | Reached skill level 8 in Ranged Weapons
  2776 | D:4      | Reached skill level 1 in Stealth
  2776 | D:4      | Reached XP level 8. HP: 51/60 MP: 8/8
  3152 | D:5      | Reached skill level 9 in Ranged Weapons
  3393 | D:5      | Noticed Prince Ribbit
  3401 | D:5      | Killed Prince Ribbit
  3450 | D:5      | Reached XP level 9. HP: 66/66 MP: 9/9
  3520 | D:5      | Found a staircase to the Ecumenical Temple.
  3530 | Temple   | Entered the Ecumenical Temple
  3778 | D:5      | Found a broken altar of Ashenzari.
  4167 | D:5      | Reached skill level 5 in Fighting
  4269 | D:6      | Reached skill level 10 in Ranged Weapons
  4657 | D:6      | Found a hide-covered altar of Uskayaw.
  4657 | D:6      | Found a glowing silver altar of Zin.
  4657 | D:6      | Found a stormy altar of Qazlal.
  4657 | D:6      | Found a sacrificial altar of Ru.
  4664 | D:6      | Found an iron altar of Okawaru.
  4664 | D:6      | Found a burning altar of Makhleb.
  4694 | D:6      | Became a worshipper of Warmaster Okawaru
  4956 | D:6      | Found a runed translucent door.
  4957 | D:6      | Noticed Crazy Yiuf
  5165 | D:6      | Killed Crazy Yiuf
  6269 | D:7      | Reached skill level 11 in Ranged Weapons
  6643 | D:7      | Found a snail-covered altar of Cheibriados.
  7165 | D:8      | HP: 2/71 [steam dragon (4)]
  7166 | D:8      | Gained mutation: You do not regenerate when monsters are
                  | visible. [potion of mutation]
  7166 | D:8      | Gained mutation: Your system is resistant to poisons.
                  | (rPois) [potion of mutation]
  7166 | D:8      | Gained mutation: You have a pair of small antennae on your
                  | head. [potion of mutation]
  7171 | D:8      | Killed from afar by a steam dragon

Illustrated notes

Levels and vault maps discovered:
D:1:      minmay_arrival_radiant_lines, layout_rooms
D:2:      layout_loops_ring, minmay_hexomino_u4
D:3:      layout_basic, shapermc_ecumenical_altar_notcrosses, serial_shops,
          nicolae_shop_tiny_waterfront, uniq_sigmund
D:4:      layout_basic, uniq_pikel, uniq_grinder
D:5:      layout_basic, ashenzari_altar_1, lemuel_temple_firewalk_b,
          minmay_fractal_squares_5, uniq_prince_ribbit1
D:6:      layout_loops_ring, minmay_overflow_temple_hex, minmay_between,
          uniq_crazy_yiuf_cottage
D:7:      layout_loops_ring, nicolae_dithmenos_the_darkroom,
          cheibriados_altar_1, minmay_crystal_room
D:8:      layout_rooms
Temple:   compressed_dpeg_triangle_lava_temple

Skill      XL: |  1  2  3  4  5  6  7  8  9 |
---------------+----------------------------+-----
Dodging        | 2 |  2.6
Ranged Weapons | 4 5 6 7 8 9 11 | 11.2
Armour         | 1 2 |  2.3
Fighting       | 3 4 6 |  6.4
Stealth        | 1 |  1.4

Action                     |  1- 3 |  4- 6 |  7- 9 || total
---------------------------+-------+-------+-------++-------
  Melee: Sling             |       |       |     6 ||     6
   Fire: Sling             |   164 |   180 |   684 ||  1028
    Use: Scroll            |       |     2 |     2 ||     4
         Potion            |       |     1 |    14 ||    15
 Armour: Leather armour    |    10 |    23 |   132 ||   165
  Dodge: Dodged            |     7 |    12 |   107 ||   126

Table legend: (Time is in decaauts)
 A = Elapsed time spent in this place.
 B = Non-inter-level travel time spent in this place.
 C = Inter-level travel time spent in this place.
 D = Time resting spent in this place.
 E = Time spent auto-exploring this place.
 F = Levels seen in this place.
 G = Mean time per level.
                   A        B        C        D        E       F      G
               +--------+--------+--------+--------+--------+-----+--------+
         Total |   7172 |   6883 |    289 |      0 |   5737 |   9 |  796.9 |
       Dungeon |   7152 |   6863 |    289 |      0 |   5737 |   8 |  894.0 |
        Temple |     19 |     19 |      0 |      0 |      0 |   1 |   19.0 |
               +--------+--------+--------+--------+--------+-----+--------+

Top non-repeatable levels by time:
     D:6: 1694 daAuts
     D:5: 1312 daAuts
     D:7: 1133 daAuts
     D:4: 938 daAuts
     D:3: 791 daAuts
     D:2: 648 daAuts
     D:1: 474 daAuts
     D:8: 159 daAuts
  Temple: 19 daAuts
